Workbook
Name ExcesoReal: PeríodoReal*([1]proyecto!$E1>0)
Name OLE_LINK1: 'Impacto de Riesgo'!$I$12
Name período_seleccionado: [1]proyecto!$N$3
Name PeríodoEnPlan: [1]proyecto!A$8=MEDIAN([1]proyecto!A$8,[1]proyecto!$C1,[1]proyecto!$C1+[1]proyecto!$D1-1)
Name PeríodoReal: [1]proyecto!A$8=MEDIAN([1]proyecto!A$8,[1]proyecto!$E1,[1]proyecto!$E1+[1]proyecto!$F1-1)
Name Plan: PeríodoEnPlan*([1]proyecto!$C1>0)
Name PorcentajeCompletado: ExcesoPorcentajeCompletado*PeríodoEnPlan
Name Real: (PeríodoReal*([1]proyecto!$E1>0))*PeríodoEnPlan

Sheet Matriz de Riesgos
B2: MATRIZ DE RIESGOS PÓLIZA DE SEGUROS CONTRATO DE ARRENDAMIENTO - AGENCIA NACIONAL INMOBILIARIA VIRGILIO BARCO VARGAS
B3: Situación de Riesgo N° | C3: Clase | D3: Fuente | E3: Etapa | F3: Tipo | G3: Descripción( Que puede pasar y cómo puede ocurrir) | H3: Consecuencia de la ocurrencia del evento | I3: Probabilidad | J3: Impacto | K3: Valoración del Riesgo Inherente | L3: Categoría | M3: ¿A quien se le asigna? | N3: Tratamiento /Controles a ser Implementados | O3: Impacto después del tratamiento | T3: Persona responsable por implementar el tratamiento | U3: Fecha estimada en que se inicia el tratamiento | V3: Fecha estimada en que se completa el tratamiento | W3: Monitoreo y Revisión
O4: Probabilidad | P4: Impacto | Q4: Valoración del Riesgo Residual | R4: Categoría | S4: ¿Afecta la ejecución del contrato? | W4: ¿Cómo se realiza el monitoreo? | X4: Periodicidad ¿ Cuando?
B5: SR1 | C5: General | D5: Interno | E5: Planeación | F5: Riesgos operacionales | G5: El diseño del Proceso de Contratación no permite satisfacer las necesidades de la Entidad. | H5: Incumplimiento de los objetivos y las metas. | I5: 2 | J5: 2 | K5: =I5+J5 -> 4 | L5: =IF(K5<=4,"Riesgo Bajo",IF(K5=5,"Riesgo Medio",IF(K5<=7,"Riesgo Alto",IF(K5>=8,"Riesgo Extremo")))) -> Riesgo Bajo | M5: Entidad | N5: Evaluar los objetivos y metas, con el fin de tener clara la necesidad de contratación la cual debe ser acorde con los requisitos, requerimientos y especificaciones del contrato en temas jurídicos, financieros y técnicos | O5: 1 | P5: 2 | Q5: =O5*P5 -> 2 | R5: =IF(Q5<=4,"Riesgo Bajo",IF(Q5=5,"Riesgo Medio",IF(Q5<=7,"Riesgo Alto",IF(Q5>=8,"Riesgo Extremo")))) -> Riesgo Bajo | S5: no | T5: Entidad | U5: En la etapa de planeación | V5: En la etapa de Selección | W5: Garantizar que los controles son eficaces y eficientes en el diseño y en la operación | X5: Durante la etapa de planeación
B6: SR2 | C6: General | D6: Interno | E6: Planeación | F6: Riesgos Regulatorios | G6: La estructura de los requisitos habilitantes no se encuentran acorde para el proceso de Contratación y es posible no encontrar proponentes que los cumplan | H6: Retraso en la obtención del programa de seguros, incumpliendo los tiempos planeados | I6: 3 | J6: 2 | K6: =I6+J6 -> 5 | L6: =IF(K6<=4,"Riesgo Bajo",IF(K6=5,"Riesgo Medio",IF(K6<=7,"Riesgo Alto",IF(K6>=8,"Riesgo Extremo")))) -> Riesgo Medio | M6: Entidad | N6: Realizar un buen análisis del sector, con el fin de conocer las condiciones de las empresas que tengan una real capacidad de participar, permitiendo que la estructura del proceso se enmarque en las características de éstas. | O6: 1 | P6: 1 | Q6: =O6*P6 -> 1 | R6: =IF(Q6<=4,"Riesgo Bajo",IF(Q6=5,"Riesgo Medio",IF(Q6<=7,"Riesgo Alto",IF(Q6>=8,"Riesgo Extremo")))) -> Riesgo Bajo | S6: no | T6: Entidad | U6: En la etapa de planeación | V6: En la etapa de Selección | W6: Supervisando los estudios previos y los estudios del sector | X6: Durante la etapa de planeación
B7: SR3 | C7: General | D7: Interno | E7: Planeación | F7: Riegos económicos | G7: El valor del contrato no corresponde a los precios del mercado. | H7: Retraso en la estructura de los documentos del proceso. | I7: 1 | J7: 4 | K7: =I7+J7 -> 5 | L7: =IF(K7<=4,"Riesgo Bajo",IF(K7=5,"Riesgo Medio",IF(K7<=7,"Riesgo Alto",IF(K7>=8,"Riesgo Extremo")))) -> Riesgo Medio | M7: Entidad | N7: A través del estudio de mercado se garantiza que la información utilizada para establecer el precio del contrato, estará actualizada reflejando los cambios recientes en las condiciones del mercado. | O7: 1 | P7: 3 | Q7: =O7*P7 -> 3 | R7: =IF(Q7<=4,"Riesgo Bajo",IF(Q7=5,"Riesgo Medio",IF(Q7<=7,"Riesgo Alto",IF(Q7>=8,"Riesgo Extremo")))) -> Riesgo Bajo | S7: no | T7: Entidad | U7: En la etapa de planeación | V7: En la etapa de Selección | W7: Supervisando los estudios de mercado y los estudios del sector | X7: Durante la etapa de planeación
B8: SR4 | C8: General | D8: Interno | E8: Planeación | F8: Riesgos Regulatorios | G8: El Proceso de Contratación no cuenta con las condiciones que garanticen la transparencia, equidad y competencia entre los proponentes. | H8: restricción de ofertas, impidiendo a otras empresas entrar al proceso | I8: 1 | J8: 4 | K8: =I8+J8 -> 5 | L8: =IF(K8<=4,"Riesgo Bajo",IF(K8=5,"Riesgo Medio",IF(K8<=7,"Riesgo Alto",IF(K8>=8,"Riesgo Extremo")))) -> Riesgo Medio | M8: Entidad | N8: Los criterios habilitantes y de evaluación deben ser claros, objetivos y comunicados de manera transparente a todos los proponentes. Se debe permitir que las empresas interesadas realicen observaciones, las cuales deben ser analizadas en detalle. | O8: 1 | P8: 2 | Q8: =O8*P8 -> 2 | R8: =IF(Q8<=4,"Riesgo Bajo",IF(Q8=5,"Riesgo Medio",IF(Q8<=7,"Riesgo Alto",IF(Q8>=8,"Riesgo Extremo")))) -> Riesgo Bajo | S8: no | T8: Entidad | U8: En la etapa de planeación | V8: En la etapa de Selección | W8: Realizar revisiones periódicas del proceso de contratación y estar dispuesto a realizar mejoras continuas en función de la retroalimentación y la experiencia acumulada | X8: Durante la etapa de planeación
B9: SR5 | C9: General | D9: Interno | E9: Planeación | F9: Riegos económicos | G9: El estudio de mercado no permite identificar los aspectos de oferta y demanda del mercado respectivo | H9: Sobre costo en la asignación del presupuesto | I9: 1 | J9: 4 | K9: =I9+J9 -> 5 | L9: =IF(K9<=4,"Riesgo Bajo",IF(K9=5,"Riesgo Medio",IF(K9<=7,"Riesgo Alto",IF(K9>=8,"Riesgo Extremo")))) -> Riesgo Medio | M9: Entidad | N9: Un estudio de mercado está limitado en el tiempo, por lo que puede volverse obsoleto rápidamente si no se actualiza regularmente. Es así que en el estudio de mercado se debe utilizar diversas fuentes de datos, considerar escenarios futuros y mantenerse informado sobre los cambios en el entorno empresarial | O9: 1 | P9: 3 | Q9: =O9*P9 -> 3 | R9: =IF(Q9<=4,"Riesgo Bajo",IF(Q9=5,"Riesgo Medio",IF(Q9<=7,"Riesgo Alto",IF(Q9>=8,"Riesgo Extremo")))) -> Riesgo Bajo | S9: no | T9: Entidad | U9: En la etapa de planeación | V9: En la etapa de Selección | W9: Realizar revisiones periódicas del proceso de contratación y estar dispuesto a realizar mejoras continuas en función de la retroalimentación y la experiencia acumulada | X9: Durante la etapa de planeación
B10: SR6 | C10: General | D10: Interno | E10: Selección | F10: Riesgos operacionales | G10: Condiciones poco atractivas, falta de publicidad, requisitos excesivos o restrictivos o falta de claridad en el proceso que se vean reflejados en no tener proponentes en el proceso. | H10: Declaratoria de desierto el proceso | I10: 2 | J10: 3 | K10: =I10+J10 -> 5 | L10: =IF(K10<=4,"Riesgo Bajo",IF(K10=5,"Riesgo Medio",IF(K10<=7,"Riesgo Alto",IF(K10>=8,"Riesgo Extremo")))) -> Riesgo Medio | M10: Entidad | N10: Realizar un análisis detallado de los factores que podrían afectar la participación de los oferentes, garantizar condiciones justas y transparentes, y promover la publicidad efectiva del proceso de contratación. Además, recopilar retroalimentación de los participantes y ajustar los procesos en consecuencia. | O10: 1 | P10: 2 | Q10: =O10*P10 -> 2 | R10: =IF(Q10<=4,"Riesgo Bajo",IF(Q10=5,"Riesgo Medio",IF(Q10<=7,"Riesgo Alto",IF(Q10>=8,"Riesgo Extremo")))) -> Riesgo Bajo | S10: si | T10: Entidad | U10: En la etapa de selección | V10: En la etapa de contratación | W10: Verificación del estudio del sector y supervisión en el tratamiento del riesgo | X10: Durante la etapa de selección
B11: SR7 | C11: General | D11: Externo | E11: Selección | F11: Riesgos Regulatorios | G11: Incumplimiento de condiciones y/o requisitos habilitantes por parte de todos los proponentes que generen el rechazo de las ofertas o se encuentren incursos en alguna inhabilidad o incompatibilidad. | H11: Declaratoria de desierto el proceso | I11: 2 | J11: 3 | K11: =I11+J11 -> 5 | L11: =IF(K11<=4,"Riesgo Bajo",IF(K11=5,"Riesgo Medio",IF(K11<=7,"Riesgo Alto",IF(K11>=8,"Riesgo Extremo")))) -> Riesgo Medio | M11: Contratista | N11: Estructuración de la invitación garantizando que sean objetivos, claros, precisos, con el fin de garantizar que los interesados tengan reglas claras procurando no incurrir en interpretaciones o en errores. | O11: 1 | P11: 2 | Q11: =O11*P11 -> 2 | R11: =IF(Q11<=4,"Riesgo Bajo",IF(Q11=5,"Riesgo Medio",IF(Q11<=7,"Riesgo Alto",IF(Q11>=8,"Riesgo Extremo")))) -> Riesgo Bajo | S11: si | T11: Entidad | U11: En la etapa de selección | V11: En la etapa de contratación | W11: Verificación del estudio del sector y supervisión en el tratamiento del riesgo | X11: Durante la etapa de selección
B12: SR8 | C12: General | D12: Externo | E12: Selección | F12: Riegos económicos | G12: En el proceso de contratación se presente un único oferente | H12: Pérdida de competencia entre diferentes proveedores, lo cual limita la comparación de precios, calidad y condiciones que beneficien a la Entidad | I12: 2 | J12: 2 | K12: =I12+J12 -> 4 | L12: =IF(K12<=4,"Riesgo Bajo",IF(K12=5,"Riesgo Medio",IF(K12<=7,"Riesgo Alto",IF(K12>=8,"Riesgo Extremo")))) -> Riesgo Bajo | M12: Entidad | N12: Procurar que la estructura de los documenrtos del proceso se encuentre ajustada a la realidad, permitiendo la mayor participación de empresas que tengan una real capacidad de hacerlo. | O12: 1 | P12: 1 | Q12: =O12*P12 -> 1 | R12: =IF(Q12<=4,"Riesgo Bajo",IF(Q12=5,"Riesgo Medio",IF(Q12<=7,"Riesgo Alto",IF(Q12>=8,"Riesgo Extremo")))) -> Riesgo Bajo | S12: si | T12: Contratista y Entidad | U12: En la etapa de selección | V12: En la etapa de contratación | W12: Verificación del estudio del sector y supervisión en el tratamiento del riesgo | X12: Durante la etapa de selección
B13: SR9 | C13: General | D13: Externo | E13: Selección | F13: Riesgos Regulatorios | G13: Riesgo de colusión. | H13: Restricción de ofertas, impidiendo a otras empresas entrar al proceso | I13: 1 | J13: 4 | K13: =I13+J13 -> 5 | L13: =IF(K13<=4,"Riesgo Bajo",IF(K13=5,"Riesgo Medio",IF(K13<=7,"Riesgo Alto",IF(K13>=8,"Riesgo Extremo")))) -> Riesgo Medio | M13: Contratista | N13: Capacitar a los empleados involucrados en el proceso de contratación sobre los riesgos de colusión y la importancia de mantener la integridad del proceso. Así mismo desarrollar criterios de evaluación objetivos y claros para seleccionar a los proveedores | O13: 1 | P13: 3 | Q13: =O13*P13 -> 3 | R13: =IF(Q13<=4,"Riesgo Bajo",IF(Q13=5,"Riesgo Medio",IF(Q13<=7,"Riesgo Alto",IF(Q13>=8,"Riesgo Extremo")))) -> Riesgo Bajo | S13: no | T13: Contratista y Entidad | U13: En la etapa de selección | V13: En la etapa de contratación | W13: Realiza auditorías y revisiones periódicas del proceso de contratación para identificar posibles irregularidades. | X13: Durante la etapa de selección
B14: SR10 | C14: General | D14: Externo | E14: Selección | F14: Riegos económicos | G14: Riesgo de ofertas artificialmente bajas. | H14: Dificultades en al ejecución del Contrato, aumento de costos del contrato | I14: 1 | J14: 3 | K14: =I14+J14 -> 4 | L14: =IF(K14<=4,"Riesgo Bajo",IF(K14=5,"Riesgo Medio",IF(K14<=7,"Riesgo Alto",IF(K14>=8,"Riesgo Extremo")))) -> Riesgo Bajo | M14: Contratista | N14: Requerir al proponente y solicitarle las explicaciones del valor ofertado, con el fin de establecer si es posible adjudicar el contrato | O14: 1 | P14: 2 | Q14: =O14*P14 -> 2 | R14: =IF(Q14<=4,"Riesgo Bajo",IF(Q14=5,"Riesgo Medio",IF(Q14<=7,"Riesgo Alto",IF(Q14>=8,"Riesgo Extremo")))) -> Riesgo Bajo | S14: no | T14: Entidad | U14: En la etapa de selección | V14: En la etapa de contratación | W14: Estudio del sector y de mercado de una forma real y actualizada | X14: Durante la etapa de selección
B15: SR11 | C15: General | D15: Externo | E15: Selección | F15: Riesgos operacionales | G15: No expedición de las pólizas por parte de la Compañía Aseguradora seleccionada, una vez adjudicado el proceso de contratación | H15: En caso que la compañía seleccionada hubiere sido único proponente, la Entidad deberá adelantar un nuevo proceso de selección. Si en el proceso hay más de un proponente, la Entidad debe analizar la conveniencia jurídica, técnica y económica de adjudicar el proceso al proponente que ocupó el segundo lugar. | I15: 1 | J15: 2 | K15: =I15+J15 -> 3 | L15: =IF(K15<=4,"Riesgo Bajo",IF(K15=5,"Riesgo Medio",IF(K15<=7,"Riesgo Alto",IF(K15>=8,"Riesgo Extremo")))) -> Riesgo Bajo | M15: Contratista | N15: Establecer claramente en los documentos del proceso de contratación, las sanciones y consecuencias a las que se vería expuesto el adjudicatario por la no expedición de las pólizas | O15: 1 | P15: 1 | Q15: =O15*P15 -> 1 | R15: =IF(Q15<=4,"Riesgo Bajo",IF(Q15=5,"Riesgo Medio",IF(Q15<=7,"Riesgo Alto",IF(Q15>=8,"Riesgo Extremo")))) -> Riesgo Bajo | S15: si | T15: Entidad | U15: El mismo día en el cual el asegurador de manera formal indique su posicion de no suscribir las polizas del contrato de seguros. | V15: Dentro de los 8 días hábiles siguientes a la suscripción del contrato. | W15: En ocasiones la nota de cobertura se expide por el adjudicatario de manera previa a la suscripción del contrato y expedición del RP. | X15: Durante la etapa de selección
B16: SR12 | C16: General | D16: Externo | E16: Selección | F16: Riesgos Regulatorios | G16: No legalización del contrato por parte del contratista antes del inicio de las vigencias de las pólizas contratadas | H16: Retraso en la expedición de las pólizas contratadas | I16: 1 | J16: 3 | K16: =I16+J16 -> 4 | L16: =IF(K16<=4,"Riesgo Bajo",IF(K16=5,"Riesgo Medio",IF(K16<=7,"Riesgo Alto",IF(K16>=8,"Riesgo Extremo")))) -> Riesgo Bajo | M16: Contratista y Entidad | N16: Establecer claramente en la invitación, los requisitos de legalización y el término para su cumplimiento por parte del contratista | O16: 1 | P16: 1 | Q16: =O16*P16 -> 1 | R16: =IF(Q16<=4,"Riesgo Bajo",IF(Q16=5,"Riesgo Medio",IF(Q16<=7,"Riesgo Alto",IF(Q16>=8,"Riesgo Extremo")))) -> Riesgo Bajo | S16: si | T16: Entidad | U16: Durante la etapa precontractual del proceso y en la invitación | V16: Al cumplimiento de los requisitos de legalización por parte del contratista | W16: Revisión de la nota de cobertura en el momento que se suscribe el contrato y validación de requisitos estipulados en la invitación para la expedición del registro presupuestal. | X16: Durante la etapa de selección
... B25: SR23 | C25: General | D25: Interno | E25: Ejecución | F25: Riesgos Regulatorios | G25: Uso indebido de la información | H25: Afectación de la Entidad o los colaborades de la misma | I25: 1 | J25: 2 | K25: =I25+J25 -> 3 | L25: =IF(K25<=4,"Riesgo Bajo",IF(K25=5,"Riesgo Medio",IF(K25<=7,"Riesgo Alto",IF(K25>=8,"Riesgo Extremo")))) -> Riesgo Bajo | M25: Contratista | N25: Verificar que el contratista utilice la información dada por la Entidad de manera correcta | O25: 1 | P25: 1 | Q25: =O25*P25 -> 1 | R25: =IF(Q25<=4,"Riesgo Bajo",IF(Q25=5,"Riesgo Medio",IF(Q25<=7,"Riesgo Alto",IF(Q25>=8,"Riesgo Extremo")))) -> Riesgo Bajo | S25: no | T25: Contratista | U25: Firma del acta de inicio | V25: Liquidación | W25: Seguimiento del uso de la información suministrada por la Entidad | X25: Permanente durante toda la ejecución.
C36: General | D36: Interno | E36: Planeación | G36: Riegos económicos | H36: 1 | I36: 1 | J36: Riesgo extremo | M36: Contratista | N36: Evitar el riesgo | S36: si
C37: Especifico | D37: Externo | E37: Selección | G37: Riesgos Sociales o Políticos | H37: 2 | I37: 2 | J37: Riesgo alto | M37: Entidad | N37: Transferir el riesgo | S37: no
E38: Contratación | G38: Riesgos operacionales | H38: 3 | I38: 3 | J38: Riesgo medio | M38: Contratista y Entidad | N38: Aceptar el riesgo
E39: Ejecución | G39: Riesgos Financieros | H39: 4 | I39: 4 | J39: Riesgo Bajo | M39: Entidad e INT DE SEGUROS | N39: Reducir la probabilidad
G40: Riesgos Regulatorios | H40: 5 | I40: 5 | M40: Intermediario de Segruos | N40: Reducir las Consecuencias
G41: Riesgos de la Naturaleza | M41: Oficina de Contratos
G42: Riesgos Ambientales | K42: 1 | M42: Oficina Jurídica
G43: Riesgos Tecnológicos | K43: 2 | M43: Área Técnica
K44: 3 | M44: Oficina de Recursos Financieros
K45: 4
K46: 5
K47: 6
K48: 7
K49: 8
K50: 9
K51: 10

Sheet Hoja1

Sheet Hoja2

Sheet Hoja3

Sheet Probabilidad del Riesgo 
D2: TABLA 2 PROBABILIDAD DEL RIESGO
D4: Categoria | E4: VALORACIÓN | G4: CARACTERÍSTICAS
C5: Probabilidad | D5: RARO (Puede ocurrir excepcionalmente) | E5: 1 | F5: ENTRE 0% Y 5% | G5: Practicamente imposible de que ocurra en el contrato. Ocurrió en al menos un contrato o proceso de características similares en los últimos 5 años o más.
D6: IMPROBABLE (Puede ocurrir ocasionalmente) | E6: 2 | F6: ENTRE 6% Y 15% | G6: Poco probable que ocurra en el contrato. Ocurrió en al menos un contrato o proceso de características similares en los últimos 4 años.
D7: POSIBLE (Puede Ocurrir en cualquier momento futuro) | E7: 3 | F7: ENTRE 16% Y 49% | G7: Es posible que ocurra en el contrato. Ha ocurrido en al menos un contrato o proceso de características similares en los últimos 3 años.
D8: PROBABLE (Probablemente va a ocurrir) | E8: 4 | F8: ENTRE 40% Y 75%. | G8: Muy posible que ocurra en el contrato. Ha ocurrido en al menos en un contrato o proceso de características similares en los últimos 2 años
D9: CASI CIERTO (Ocurre en la mayoría de circustancias) | E9: 5 | F9: MAYOR AL 75% | G9: Ocurrirá con alto nivel de certeza. Ha ocurrido en al menos un contrato o proceso de características similares en el último año.

Sheet Impacto de Riesgo
B6: TABLA 3 IMPACTO DEL RIESGO
B8: Impacto
B9: Calificación Cualitativa | D9: Obstruye la ejecución del contrato de manera intranscendente | E9: Dificulta la Ejecución del Contrato de manera baja, Aplicando medidas mínimas se puede lograr el objeto contractual | F9: Afecta la ejecución del contrato sin alterar el beneficio para las partes | G9: Obstruye la ejecución del contrato sustancialmente pero aun así permite la consecución del objeto contractual | H9: Perturba la ejecución del contrato de manera grave imposibilitando la consecución del objeto contractual
B10: Calificación Monetaria | D10: Los Sobrecostos no representan más del uno por ciento (1%) del valor del contrato | E10: Los sobrecostos no representan más del cinco por ciento (5%) del valor del contrato | F10: Genera un impacto sobre el valor del contrato entre el cinco porciento (5%) y el quince por ciento (15%) | G10: Incrementa el valor del contrato entre el quince (15%) y el treinta por ciento (30%) | H10: Impacto sobre le valor del contrato en más del treinta por ciento (30%)
B11: Categoría | C11: valoración | D11: Insignificante | E11: Menor | F11: Moderado | G11: Mayor | H11: Catastrófico
D12: 1 | E12: 2 | F12: 3 | G12: 4 | H12: 5
D15: VALORACION DEL RIESGO EN TERMINOS ECONOMICOS DE ACUERDO AL VALOR DEL CONTRATO
D17: Valor del contrato | E17: 133000000
D19: =D11 -> Insignificante | E19: 0 | F19: 0.01 | G19: =+E19*$E$17 -> 0 | H19: =+F19*$E$17 -> 1330000
D20: =E11 -> Menor | E20: 0.01 | F20: 0.05 | G20: =+E20*$E$17 -> 1330000 | H20: =+F20*$E$17 -> 6650000
D21: =F11 -> Moderado | E21: 0.05 | F21: 0.15 | G21: =+E21*$E$17 -> 6650000 | H21: =+F21*$E$17 -> 19950000
D22: =G11 -> Mayor | E22: 0.15 | F22: 0.3 | G22: =+E22*$E$17 -> 19950000 | H22: =+F22*$E$17 -> 39900000
D23: =H11 -> Catastrófico | E23: =30.00000001% -> 0.3 | F23: 1 | G23: =+E23*$E$17 -> 39900000 | H23: =+F23*$E$17 -> 133000000

Sheet Valoración del riesgo
B2: TABLA 4 VALORACION DEL RIESGO
B4: Impacto
B5: Calificación Cualitativa | D5: Obstruye la ejecución del contrato de manera intranscendente | E5: Dificulta la Ejecución del Contrato de manera baja, Aplicando medidas mínimas se puede lograr el objeto contractual | F5: Afecta la ejecución del contrato sin alterar el beneficio para las partes | G5: Obstruye la ejecución del contrato sustancialmente pero aun así permite la consecución del objeto contractual | H5: Perturba la ejecución del contrato de manera grave imposibilitando la consecución del objeto contractual
B6: Calificación Monetaria | D6: Los Sobrecostos no representan más del uno por ciento (1%) del valor del contrato | E6: Los sobrecostos no representan más del cinco por ciento (5%) del valor del contrato | F6: Genera un impacto sobre el valor del contrato entre el cinco porciento (5%) y el quince por ciento (15%) | G6: Incrementa el valor del contrato entre el quince (15%) y el treinta por ciento (30%) | H6: Impacto sobre le valor del contrato en más del treinta por ciento (30%)
B7: Categoría | C7: valoración | D7: ='Impacto de Riesgo'!D19 -> Insignificante | E7: ='Impacto de Riesgo'!D20 -> Menor | F7: ='Impacto de Riesgo'!D21 -> Moderado | G7: ='Impacto de Riesgo'!D22 -> Mayor | H7: ='Impacto de Riesgo'!D23 -> Catastrófico
D8: ='Impacto de Riesgo'!D12 -> 1 | E8: ='Impacto de Riesgo'!E12 -> 2 | F8: ='Impacto de Riesgo'!F12 -> 3 | G8: ='Impacto de Riesgo'!G12 -> 4 | H8: ='Impacto de Riesgo'!H12 -> 5
A9: Probabilidad | B9: ='Probabilidad del Riesgo '!D5 -> RARO (Puede ocurrir excepcionalmente) | C9: ='Probabilidad del Riesgo '!E5 -> 1 | E9: SR11, SR14, SR23 | F9: SR10, SR12, SR13, SR15,SR16, SR18,SR19,SR20,SR21,SR22 | G9: SR3,SR4,SR5,SR9
B10: ='Probabilidad del Riesgo '!D6 -> IMPROBABLE (Puede ocurrir ocasionalmente) | C10: ='Probabilidad del Riesgo '!E6 -> 2 | E10: SR1, SR8 | F10: SR6,SR7,SR17
B11: ='Probabilidad del Riesgo '!D7 -> POSIBLE (Puede Ocurrir en cualquier momento futuro) | C11: ='Probabilidad del Riesgo '!E7 -> 3 | E11: SR2
B12: ='Probabilidad del Riesgo '!D8 -> PROBABLE (Probablemente va a ocurrir) | C12: ='Probabilidad del Riesgo '!E8 -> 4
B13: ='Probabilidad del Riesgo '!D9 -> CASI CIERTO (Ocurre en la mayoría de circustancias) | C13: ='Probabilidad del Riesgo '!E9 -> 5
B19: VALORACIÓN DE LOS RIESGOS INHERENTE DEL PROCESO | C19: No DE RIESGOS DEL PROCESO | E19: VALORACIÓN DE LOS RIESGOS RESIDUALES DEL PROCESO | F19: No DE RIESGOS DEL PROCESO
B20: Riesgo Bajo | C20: 15 | E20: Riesgo Bajo | F20: 23
B21: Riesgo medio | C21: 8 | E21: Riesgo medio | F21: 0
B22: Riesgo alto | C22: 0 | E22: Riesgo alto | F22: 0
B23: Riesgo extremo | C23: 0 | E23: Riesgo extremo | F23: 0
B24: TOTAL RIESGOS | C24: =SUM(C20:C23) -> 23 | E24: TOTAL RIESGOS | F24: =SUM(F20:F23) -> 23

Sheet Categoria del Riesgo
C2: TABLA 5 CATEGORIA DEL RIESGO
C6: Valoración del Riesgo | D6: Categoria
C7: ENTRE 2 Y 4 | D7: Riesgo Bajo
C9: IGUAL A 5 | D9: Riesgo medio
C10: ENTRE 6 Y 7 | D10: Riesgo alto
C11: MAYOR A 8 | D11: Riesgo extremo

Sheet Tratamiento de los Riesgos 
B3: Tratamiento de los Riesgos | C3: Actividad
B4: Evitar el riesgo | C4: La entidad decide no proceder con la actividad que causa el riesgo o buscar alternativas para obtener el beneficio del proceso de contratación
B5: Transferir el riesgo | C5: La Entidad hace responsable a otra entidad quien asume las consecuencias de la materialización del riesgo, típicamente se transfiere el riesgo a través de las garantías previstas en el proceso de contratación o en las condiciones del contrato estableciendo con claridad quien es el responsable.
B6: Aceptar el Riesgo | C6: La Entidad acepta el riesgo porque el riesgo no puede ser evitado ni ser transferido o el costo de evitarlo o transferirlo es muy alto. En este caso se recomiendan medidas para reducir el riesgo o mitigar su impacto, así como el monitoreo
B7: Reducir la Probabilidad | C7: Reducir la probabilidad de ocurrencia del evento, cuando el riesgo debe ser aceptado, para el efecto se sugieren medidas como: (i) aclarar los requisitos, requerimientos y especificaciones y productos del contrato (II) revisar procesos; (III) establecer sistemas de aseguramiento de calidad, en los contratos; (IV) especificar estándares de los bienes y servicios; (V) hacer pruebas e inspecciones de los bienes; (VI) establecer sistemas de acreditación profesional; (VII) Incluir declaraciones y garantías del contratista; (VIII) administrar la relación entre proveedores y compradores
B8: Reducir las Consecuencias | C8: Reducir las consecuencias o el impacto del riesgo a través de planes de contingencia, en los términos y condiciones del contrato, inspecciones y revisiones para revisar el cumplimiento del contrato y programas de apremio para lograr el cumplimiento del contrato
